Map: Purity and Industry LE

Players

Dream - Winner!

  • Race: Terran Terran
  • Spawn Location: 3:00

BlyOnFire (Bly)

  • Race: Zerg Zerg
  • Spawn Location: 12:00

Event: StayAtHomestory Cup #1

VOD

Have the link to the VOD?

Description

Time

  • Played on: April 10, 2020, 10:48 a.m.
  • Length: 19:53

All games in this series

Show
View Real Time Build Order
Export as new Build Order

Dream Terran - Winner!

Build Orders: Reaper Expand 

Get SALT Encoding   

  12  0:01  SCV  
  13  0:13  SCV  
  14  0:17  Supply Depot  
  14  0:25  SCV  
  15  0:39  SCV, Barracks  
  16  0:44  Refinery  
  16  0:51  SCV  
  17  1:03  SCV  
  18  1:15  SCV  
  19  1:27  Reaper, Orbital Command  
  20  1:40  Command Center  
  20  1:49  Supply Depot  
  20  1:53  SCV  
  21  1:59  Marine  
  22  2:06  Factory  
  22  2:09  SCV  
  23  2:16  Marine  
  23  2:19  Bunker  
  24  2:24  SCV  
  25  2:30  Refinery  
  25  2:36  SCV  
  25  2:37  Marine  
  26  2:44  Bunker  
  26  2:49  SCV  
  26  2:50  Factory Tech Lab  
  26  2:54  Marine  
  25  3:01  SCV  
  19  3:13  Cyclone  
  19  3:14  Marine  
  23  3:23  SCV  
  24  3:32  Marine  
  22  3:35  SCV  
  23  3:48  Cyclone  
  22  3:49  SCV  
  22  4:02  SCV  
  22  4:04  Marine  
  23  4:14  SCV  
  24  4:28  Siege Tank  
  24  4:31  SCV  
  28  4:35  Marine  
  21  4:53  Marine  
  19  5:00  SCV  
  19  5:16  SCV  
  20  5:28  SCV  
  21  5:37  Orbital Command  
  21  5:41  SCV  
  22  5:56  SCV  
  23  6:06  Cyclone  
  23  6:09  Marine  
  27  6:18  Supply Depot  
  27  6:26  SCV  
  27  6:27  Marine  
  29  6:33  SCV  
  26  6:44  Siege Tank  
  26  6:45  Marine  
  25  7:05  Marine  
  24  7:10  SCV x2  
  23  7:23  SCV x2  
  22  7:35  SCV  
  23  7:41  Cyclone  
  26  7:47  Marine  
  26  7:50  SCV  
  28  7:51  SCV  
  28  7:56  Supply Depot  
  29  8:02  SCV  
  29  8:05  SCV  
  31  8:17  Marine  
  31  8:18  SCV x2  
  34  8:28  Siege Tank  
  34  8:31  SCV x2  
  39  8:37  Marine  
  40  8:44  SCV x2  
  40  8:45  Starport  
  42  8:51  Supply Depot  
  42  8:59  Marine  
  42  9:00  SCV x2  
  45  9:08  Supply Depot  
  45  9:16  Siege Tank  
  48  9:18  SCV  
  49  9:26  Medivac  
  49  9:27  Marine  
  52  9:38  SCV x2  
  54  9:43  Barracks  
  54  9:44  Barracks  
  54  9:52  Marine  
  55  10:00  Medivac  
  53  10:07  Siege Tank  
  53  10:10  Marine  
  53  10:11  Supply Depot x2  
  58  10:21  SCV x2  
  58  10:22  Supply Depot  
  58  10:28  Marine  
  59  10:36  Marine  
  59  10:41  Marine  
  60  10:45  Siege Tank  
  60  10:48  Marine  
  64  10:54  Marine  
  65  11:01  Marine  
  62  11:06  Marine  
  63  11:12  Liberator  
  63  11:16  Marine  
  67  11:19  Marine  
  67  11:24  Marine  
  69  11:32  SCV  
  70  11:35  Engineering Bay, Barracks Tech Lab  
  70  11:37  Marine  
  71  11:42  Marine  
  72  11:48  Orbital Command  
  72  11:55  Marine  
  72  11:56  Siege Tank  
  72  11:59  Marine  
  74  12:02  Medivac  
  74  12:08  Marine  
  73  12:12  Marine  
  71  12:16  SCV  
  71  12:17  Marine  
  73  12:24  Stimpack  
  73  12:26  SCV  
  76  12:38  SCV  
  76  12:43  Marine x3  
  76  12:44  Terran Infantry Weapons Level 1  
  80  12:57  Factory Reactor  
  72  13:03  SCV  
  72  13:05  Refinery x2  
  72  13:07  Marine x3  
  75  13:12  Command Center  
  75  13:15  SCV  
  75  13:18  Raven  
  78  13:25  Marine x3  
  81  13:42  Marine  
  81  13:46  Marine  
  83  13:52  Supply Depot, Factory Tech Lab  
  83  13:53  SCV  
  84  14:01  Barracks  
  86  14:03  Barracks Reactor  
  86  14:04  Combat Shield, Marine, Barracks  
  82  14:11  SCV  
  70  14:23  Marine  
  69  14:25  Orbital Command  
  67  14:35  Marine  
  67  14:38  Medivac, Terran Infantry Armor Level 1  
  70  14:41  Marine  
  70  14:42  Medivac  
  73  14:57  Marine  
  69  15:04  Orbital Command  
  57  15:37  SCV  
  58  15:44  SCV  
  58  15:45  Marine x2  
  58  15:48  Marine x2  
  63  15:57  Marine  
  63  16:02  SCV x2  
  63  16:03  Marine x2  
  67  16:05  Marine  
  67  16:06  Marine x2  
  63  16:15  SCV, Marine  
  61  16:21  Marine x2  
  61  16:23  Marine  
  61  16:24  SCV x2, Marine x2  
  66  16:32  Marine  
  66  16:33  SCV  
  66  16:36  SCV  
  66  16:39  Marine x2  
  71  16:40  Marine  
  71  16:42  Marine x2  
  71  16:45  SCV x2  
  76  16:50  Marine  
  75  16:54  SCV  
  75  16:57  SCV x2, Marine x2  
  75  16:58  Marine  
  75  17:00  Marine x2  
  77  17:10  SCV x2  
  77  17:12  Marine  
  80  17:23  SCV x2  
  80  17:24  Marine x3  
  80  17:28  Marine x2  
  87  17:32  SCV  
  87  17:34  Marine  
  86  17:42  Marine  
  86  17:44  Marine x2  
  86  17:46  Marine x2  
  86  17:51  SCV x3  
  93  18:00  Marine  
  93  18:01  Marine  
  93  18:04  Marine x2  
  91  18:06  SCV  
  91  18:10  Marine x2  
  92  18:18  Marine  
  92  18:19  Marine  
  86  18:23  SCV x2  
  86  18:24  Marine  
  86  18:27  Marine  
  77  18:33  SCV  
  77  18:36  Marine  
  77  18:38  Marine  
  76  18:42  Marine  
  76  18:46  Marine  
  76  18:53  SCV  
  76  18:54  SCV, Marine  
  76  18:59  SCV  
  71  19:03  Marine  
  71  19:07  Marine x2  
  69  19:10  Marine  
  69  19:13  Marine  
  66  19:18  Marine  
  66  19:23  Marine  
  68  19:24  Marine  
  68  19:25  Marine  
  68  19:28  Marine  
  68  19:31  Marine  
  69  19:39  SCV x2  
Show
View Real Time Build Order
Export as new Build Order

BlyOnFire Zerg 

Build Orders: Hatch First, Ravager All-In 

Get SALT Encoding   

  12  0:01  Drone  
  13  0:14  Drone  
  14  0:42  Hatchery  
  13  0:51  Spawning Pool  
  13  0:55  Drone  
  13  1:00  Drone  
  14  1:09  Extractor  
  14  1:10  Drone  
  14  1:13  Extractor  
  14  1:14  Drone  
  14  1:21  Overlord  
  14  1:38  Roach Warren  
  14  1:39  Drone  
  14  1:43  Drone  
  15  1:52  Drone  
  16  2:18  Roach x3  
  22  2:25  Overlord  
  22  2:32  Roach  
  24  2:50  Ravager  
  25  3:05  Roach  
  27  3:06  Overlord x2  
  27  3:12  Ravager  
  28  3:35  Ravager  
  28  3:37  Roach x3  
  35  3:54  Overlord  
  35  4:01  Ravager  
  36  4:03  Overlord  
  36  4:15  Ravager  
  36  4:16  Ravager x3  
  40  4:17  Zergling x4  
  40  4:21  Roach  
  31  4:50  Roach x2  
  28  4:58  Roach  
  24  5:04  Roach  
  27  5:07  Ravager, Metabolic Boost  
  27  5:11  Drone  
  28  5:16  Drone  
  28  5:20  Drone  
  30  5:30  Drone  
  30  5:35  Drone  
  32  5:39  Ravager x2  
  36  5:53  Roach  
  38  5:59  Roach  
  38  6:03  Zergling x2  
  41  6:10  Ravager x2  
  43  6:12  Zergling x4  
  43  6:16  Zergling x6  
  46  6:26  Zergling x2  
  46  6:29  Ravager  
  46  6:30  Overlord  
  42  6:44  Zergling x6  
  35  6:58  Roach  
  35  7:01  Zergling x6  
  30  7:18  Roach  
  30  7:22  Ravager  
  28  7:31  Roach x2  
  28  7:33  Drone x3  
  35  7:39  Queen  
  35  7:40  Queen  
  39  7:48  Roach  
  41  7:51  Overlord  
  41  8:00  Roach  
  41  8:03  Ravager  
  44  8:10  Roach  
  46  8:13  Ravager x3  
  49  8:29  Roach  
  49  8:30  Overlord  
  49  8:31  Overlord x2  
  51  8:54  Roach x3  
  57  8:58  Zergling x8  
  61  9:08  Ravager x3  
  64  9:21  Hatchery  
  63  9:35  Zergling x8  
  67  9:52  Overlord  
  66  9:55  Zergling x10  
  57  10:07  Spore Crawler  
  56  10:15  Drone x4  
  58  10:35  Zergling x6  
  59  10:41  Zergling x10  
  56  10:58  Drone x4  
  60  11:15  Drone x4  
  64  11:25  Queen  
  64  11:31  Queen  
  68  11:43  Roach x3  
  68  11:45  Ravager x3  
  73  11:49  Overlord  
  72  12:01  Spore Crawler  
  71  12:13  Drone x2  
  71  12:14  Drone  
  69  12:15  Lair  
  69  12:25  Drone  
  69  12:26  Drone x3  
  73  12:37  Queen  
  73  12:43  Extractor  
  74  12:45  Ravager x3  
  74  12:51  Evolution Chamber  
  76  12:54  Hatchery  
  72  13:03  Drone x4  
  72  13:04  Pneumatized Carapace  
  76  13:06  Overlord  
  76  13:12  Overlord  
  76  13:17  Zerg Ground Armor Level 1  
  76  13:18  Glial Reconstitution  
  76  13:35  Drone x4  
  76  13:37  Drone x2  
  76  13:38  Extractor  
  81  13:50  Drone  
  81  13:51  Baneling Nest  
  81  14:07  Roach x3  
  87  14:17  Overlord x5  
  87  14:29  Drone  
  88  14:33  Overlord x4  
  84  15:01  Roach  
  84  15:02  Roach x5  
  90  15:18  Roach x7  
  95  15:28  Drone x3  
  95  15:35  Zerg Melee Weapons Level 1  
  95  15:38  Evolution Chamber  
  94  15:51  Drone x3  
  94  15:52  Drone x3  
  88  16:13  Roach x6  
  88  16:14  Roach x3  
  98  16:28  Roach x3  
  98  16:31  Baneling x3  
  98  16:32  Baneling x2  
  103  16:37  Roach x3  
  109  16:49  Ravager x7  
  115  16:59  Zergling x4  
  114  17:05  Zergling x8  
  114  17:06  Overlord  
  118  17:10  Overlord  
  118  17:15  Overlord, Extractor  
  118  17:17  Queen  
  118  17:18  Queen  
  121  17:25  Baneling x8  
  121  17:29  Overseer  
  110  17:44  Baneling x4  
  110  17:45  Zergling x18  
  110  17:48  Hatchery  
  110  17:50  Extractor  
  117  17:52  Zergling x6  
  112  18:09  Roach x6  
  109  18:19  Roach x2  
  92  18:32  Roach x2  
  72  18:42  Roach x2  
  72  18:43  Ravager  
  72  18:45  Ravager  
  72  18:51  Roach  
  53  19:02  Roach x2  
  36  19:15  Roach  
  31  19:22  Roach  
  16  19:32  Roach  
Tags
 
Add a new tag
Caveats
  • Supply blocks, unpowered buildings, or Contaminate may cause inaccurate times.
  • Supply counts are checked every 10 seconds.